cohdb
Replays
Latest Replays
All Replays
Popular Replays
Top Player Replays
Match Explorer
How It Works
Community
CoH3 Stats
Reddit
Sign in to upload your games and track your stats! →
Sign in with Steam
Match 45544413
Unlisted
Match 45544413
Overview
Messages
Build Orders
End
Scout Squad
Engineer Squad
Construct Barracks
Selects Advanced Infantry Battlegroup
M1 Mortar Team
Riflemen Squad
Riflemen Squad
Grenade Package
Construct Weapon Support Center
Selects Artillery Observers
Air Support Center
M1919 Machine Gun Team
M3 Armored Personnel Carrier
P-47 Strafing Run
Construct Motor Pool
Selects M2A1 105mm Howitzer Emplacement
Selects 155mm Rapid Artillery Barrage
Grasshopper Recon Run
P-47 Strafing Run
M1 Anti-tank Gun Team
M8 Greyhound Armored Car
M24 Chaffee Light Tank
Mourning
Palimord
Field marshal Prince
Bro4life
Cigarbro165
normascalo
burak.sezgin34fb
Weird_Hatter
0
0
Comments
sign in to comment!
No comments posted yet!